AoeStats
← Alexis angel666

Arena

510940234Analyzed
3v3 RM · 17h ago on Oct 3, 2026· 71m 33s· 6 players
Game mode
Random Map
Map size
Normal (6 player)
Population
200
Speed
Normal
Resources
Standard
Victory
Conquest
Starting age
Dark Age
Ending age
Imperial Age
RankedLock teamsTeams togetherTeam positionsShared explorationLock speedFull tech treeHidden civsTurbo modeCheats
Victory
Defeat
🇲🇽 Spanish · Mexico
931
+9
🇦🇷 Italians · Argentina
829
+13
🇦🇺 Romans · Australia
782
+14
🇺🇸 Khmer · United States
812
-14
🇺🇸 Romans · United States
786
-13
🇺🇸 Wei · United States
677
-11
Alexis angel666
9:30 Loom
11:16 Feudal Age
13:07 Double-Bit Axe
13:11 Horse Collar
15:38 Castle Age
19:30 Bow Saw
20:58 Heavy Plow
24:56 Wheelbarrow
26:41 Hand Cart
35:17 Imperial Age
35:32 Imperial Age
35:46 Forging
35:41 Scale Barding Armor
35:40 Padded Archer Armor
35:54 Stone Mining
35:54 Gold Mining
36:13 Husbandry
36:23 Bloodlines
35:35 Cavalier
37:07 Iron Casting
36:53 Chain Barding Armor
36:24 Fletching
37:26 Leather Archer Armor
37:06 Bodkin Arrow
38:19 Stone Shaft Mining
38:49 Two-Man Saw
39:37 Chemistry
38:57 Ballistics
39:18 Plate Barding Armor
39:47 Blast Furnace
39:54 Ring Archer Armor
39:26 Bracer
39:32 Elite Skirmisher
40:17 Thumb Ring
43:41 Paladin
51:35 Squires
52:07 Scale Mail Armor
51:33 Pikeman
53:54 Gambesons
53:30 Halberdier
55:29 Light Cavalry
59:54 Hussar
69:03 Arson
brianchen0618
5:47 Loom
5:55 Loom
9:36 Feudal Age
10:02 Double-Bit Axe
12:58 Horse Collar
17:58 Castle Age
16:31 Gold Mining
17:21 Stone Mining
24:27 Bow Saw
24:24 Heavy Plow
25:05 Fervor
25:38 Wheelbarrow
25:56 Caravan
26:38 Silk Road
27:33 Pikeman
34:20 Imperial Age
32:07 Hand Cart
32:03 Husbandry
32:51 Stone Shaft Mining
32:20 Fletching
32:07 Man-at-Arms
32:32 Treadmill Crane
32:47 Murder Holes
33:12 Ballistics
33:14 Squires
34:43 Bloodlines
34:56 Padded Archer Armor
36:03 Two-Man Saw
35:36 Crop Rotation
36:38 Chemistry
37:25 Bodkin Arrow
37:30 Town Watch
37:38 Long Swordsman
38:21 Cavalier
40:15 Two-Handed Swordsman
40:40 Arson
41:16 Light Cavalry
41:26 Capped Ram
41:33 Onager
42:36 Elite Genoese Crossbowman
42:48 Elite Skirmisher
44:29 Bracer
44:45 Leather Archer Armor
44:40 Forging
43:58 Crossbowman
44:45 Thumb Ring
46:46 Champion
46:48 Arbalester
48:12 Hoardings
50:15 Scale Barding Armor
50:46 Iron Casting
50:38 Fortified Wall
55:19 Hussar
60:25 Town Patrol
62:29 Blast Furnace
61:29 Scale Mail Armor
61:59 Ring Archer Armor
61:50 Chain Barding Armor
64:05 Pirotechnia
64:17 Conscription
TownsVanFran
0:46 Loom
12:01 Feudal Age
13:37 Double-Bit Axe
13:35 Horse Collar
18:49 Castle Age
19:05 Wheelbarrow
19:44 Bow Saw
19:04 Pikeman
19:46 Squires
20:03 Heavy Plow
20:46 Scale Mail Armor
23:23 Man-at-Arms
26:24 Stone Mining
27:14 Long Swordsman
30:15 Gold Mining
30:27 Caravan
30:53 Forging
31:43 Hand Cart
31:56 Fortified Wall
31:43 Murder Holes
35:46 Imperial Age
35:04 Ballistics
36:59 Conscription
37:01 Comitatenses
37:25 Chain Mail Armor
38:15 Legionary
39:11 Capped Ram
39:51 Halberdier
42:38 Fletching
43:24 Iron Casting
44:05 Siege Ram
47:55 Chemistry
47:01 Siege Engineers
53:34 Heavy Scorpion
57:01 Ballistas
57:10 Onager
59:37 Blast Furnace
61:31 Bodkin Arrow
61:49 Masonry
70:03 Heavy Scorpion
70:13 Heavy Scorpion
marin
11:51 Feudal Age
12:04 Loom
12:32 Double-Bit Axe
17:52 Castle Age
18:37 Wheelbarrow
19:26 Bow Saw
19:34 Light Cavalry
21:46 Horse Collar
24:33 Hand Cart
24:41 Crossbowman
25:15 Fletching
25:26 Padded Archer Armor
26:29 Bodkin Arrow
29:04 Gold Mining
30:21 Ballistics
32:13 Gold Shaft Mining
31:29 Stone Mining
35:28 Imperial Age
35:32 Arbalester
36:31 Leather Archer Armor
36:17 Bracer
37:05 Stone Shaft Mining
36:34 Heavy Plow
39:30 Ring Archer Armor
39:07 Scale Barding Armor
39:16 Bloodlines
39:06 Husbandry
38:27 Hussar
40:28 Murder Holes
40:44 Fortified Wall
41:36 Chemistry
42:20 Conscription
42:38 Chain Barding Armor
53:36 Plate Barding Armor
53:11 Forging
57:44 Double Crossbow
57:31 Heavy Scorpion
60:58 Iron Casting
Furious Destroyer
5:40 Loom
12:26 Feudal Age
17:37 Castle Age
16:22 Double-Bit Axe
17:54 Horse Collar
21:12 Scale Barding Armor
24:39 Chain Barding Armor
31:00 Forging
30:55 Heavy Plow
31:07 Bow Saw
33:53 Imperial Age
34:29 Wheelbarrow
35:09 Bloodlines
34:59 Husbandry
35:27 Heavy Hei Guang Cavalry
45:46 Iron Casting
46:49 Elite Tiger Cavalry
47:35 Tuntian
48:06 Ming Guang Armor
48:44 Blast Furnace
49:39 Conscription
51:38 Light Cavalry
52:23 Elite Skirmisher
53:10 Thumb Ring
53:41 Parthian Tactics
53:42 Ballistics
54:38 Hussar
56:39 Crop Rotation
59:46 Onager
61:29 Padded Archer Armor
61:19 Fletching
62:27 Leather Archer Armor
65:06 Ring Archer Armor
64:32 Bodkin Arrow
Cavernous Heart
12:37 Feudal Age
14:51 Double-Bit Axe
14:49 Horse Collar
19:44 Castle Age
21:14 Wheelbarrow
20:04 Pikeman
23:16 Bow Saw
24:16 Heavy Plow
25:36 Scale Mail Armor
25:46 Forging
27:05 Forging
28:54 Squires
31:43 Hand Cart
31:27 Man-at-Arms
32:13 Long Swordsman
34:18 Chain Mail Armor
34:38 Iron Casting
37:02 Imperial Age
35:15 Chain Mail Armor
35:35 Iron Casting
35:58 Gold Mining
37:28 Heavy Scorpion
39:28 Halberdier
40:34 Capped Ram
43:04 Iron Casting
42:58 Legionary
57:14 Loom
Connection lost

Rejoining the realm…

Still unreachable

The connection could not be restored.

Session expired

The server has moved on; the page needs a fresh start.